 Dungeon Crawl Stone Soup version 0.25-a0-294-gea9b1ad378 (webtiles) character file.

Game seed: 9952012581929545525, levelgen mode: deterministic

63 Barrydekale the Changer (level 3, 0/26 HPs)
             Began as a Demonspawn Transmuter on Dec 17, 2019.
             Was an Initiate of Yredelemnul.
             Slain by a gnoll
             ... wielding a +0 halberd
              (9 damage)
             ... on level 2 of the Dungeon.
             The game lasted 00:06:32 (2628 turns).

Barrydekale the Changer (Demonspawn Transmuter)     Turns: 2628, Time: 00:06:33

Health: 0/26       AC:  3    Str: 10    XL:     3   Next: 89%
Magic:  6/6        EV: 12    Int: 15    God:    Yredelemnul [......]
Gold:   99         SH:  0    Dex: 15    Spells: 3/6 levels left

rFire    . . .     SeeInvis .     - Unarmed
rCold    . . .     Gourm    .   (no shield)
rNeg     . . .     Faith    .   b - +0 robe
rPois    .         Spirit   .   (no helmet)
rElec    .         Reflect  .   (no cloak)
rCorr    .         Harm     .   n - +0 pair of gloves
MR       .....                  (no boots)
Stlth    ++........             j - amulet of the acrobat
HPRegen  0.08/turn              (no ring)
MPRegen  0.10/turn              (no ring)

@: no status effects
A: thin skeletal structure 1
a: Renounce Religion


You were on level 2 of the Dungeon.
You worshipped Yredelemnul.
Yredelemnul was noncommittal.
You were near starving.

You visited 1 branch of the dungeon, and saw 2 of its levels.

You collected 99 gold pieces.

Inventory:

Missiles
 a - 29 arrows
 k - 6 boomerangs (quivered)
 m - 20 stones
 p - 7 silver javelins
Armour
 b - a +0 robe (worn)
 n - a +0 pair of gloves (worn)
Jewellery
 j - an amulet of the acrobat (around neck)
Wands
 o - a wand of disintegration (12)
Scrolls
 f - a scroll of fog {unknown}
 i - a scroll of identify {unknown}
Potions
 c - 2 potions of curing {unknown}
 e - a potion of magic {unknown}
 g - 2 potions of flight {unknown}
 h - 2 potions of heal wounds {unknown}
 l - a potion of degeneration {unknown}
Comestibles
 d - 4 rations


   Skills:
 - Level 1.0 Fighting
 - Level 1.7 Dodging
 - Level 2.6 Unarmed Combat
 - Level 2.0 Spellcasting
 + Level 3.9 Transmutations


You had 3 spell levels left.
You knew the following spells:

 Your Spells              Type           Power        Failure   Level  Hunger
a - Beastly Appendage     Tmut           ##....       4%          1    #......
b - Sticks to Snakes      Tmut           ##......     7%          2    ###....

Your spell library contained the following spells:

 Spells                   Type           Power        Failure   Level  Hunger
 Spider Form              Tmut/Pois      #.........   30%         3    ###....
 Ice Form                 Ice/Tmut       #.......     69%         4    #####..
 Blade Hands              Tmut           ##........   77%         5    ######.


Dungeon Overview and Level Annotations

Branches:
Dungeon (2/15)

Altars:
Yredelemnul
The Shining One


Innate Abilities, Weirdness & Mutations

You have a somewhat thin skeletal structure. (Dex +2, Stealth)


Message History

The gnoll is moderately wounded.
The gnoll misses you.
Throwing (i - inventory. (/) - cycle)
k - 6 boomerangs (quivered)
Press: ? - help, Shift-Dir - straight line, f - gnoll
Aim: a gnoll, wielding a +0 halberd (moderately wounded)
You throw a boomerang. The boomerang hits the gnoll.
The gnoll is heavily wounded.
Your transformation is almost over.
The gnoll hits you from afar with a +0 halberd!
* * * LOW HITPOINT WARNING * * *
The gnoll closely misses you.
Your horns disappear.
Throwing (i - inventory. (/) - cycle)
k - 6 boomerangs (quivered)
Press: ? - help, Shift-Dir - straight line, f/p - gnoll
Aim: a gnoll, wielding a +0 halberd (heavily wounded)
You throw a boomerang.
The boomerang barely misses the gnoll. x2
There is a stone staircase leading up here.
The gnoll hits you from afar with a +0 halberd!
You die...
Your body rises from the dead as a mindless zombie.

#.# .#.###.###.# #g# #.#
#.###.###.# #.. #.# #.......#.#
### #######.# #.#####.#.#g# #..
#.......# #.......#.#.###)#
#....#### #######..#.#.....#
#####....# ............g.####
.........##############.####.####
#####...)#......@.gg.............
# ###..##.############.#....... #
#...........#......#....... #
#####.#####.#..............
###### #.......########.......
##§.§# #............#.........
##._.# #.##########.#.........
##§.§# #.##### #.#.........
##...# #.....# #.##.###^..#


You could see 2 gnolls.

Vanquished Creatures
  A gnoll (D:2)
  2 adders (D:2)
  2 worms (D:2)
  A dart slug (D:1)
  3 leopard geckos
  2 giant cockroaches (D:2)
  3 goblins (D:2)
  2 hobgoblins
  2 jackals (D:1)
  2 kobolds
  A ball python (D:1)
  A bat (D:1)
  2 frilled lizards (D:2)
  2 rats
26 creatures vanquished.

Vanquished Creatures (collateral kills)
  A frilled lizard (D:2)
1 creature vanquished.

Grand Total: 27 creatures vanquished

Notes
Turn   | Place    | Note
-------+----------+-------------------------------------------
     0 | D:1      | Barrydekale the Demonspawn Transmuter began the quest for
                  | the Orb.
     0 | D:1      | Reached XP level 1. HP: 15/15 MP: 3/3
   156 | D:1      | Reached skill level 2 in Transmutations
   275 | D:1      | Gained mutation: You have a somewhat thin skeletal
                  | structure. (Dex +2, Stealth) [demonic ancestry]
   275 | D:1      | Reached XP level 2. HP: 8/21 MP: 3/5
   913 | D:2      | Learned a level 2 spell: Sticks to Snakes
  1032 | D:2      | Found a glowing golden altar of the Shining One.
  1041 | D:2      | Found a basalt altar of Yredelemnul.
  1043 | D:2      | Noticed a profane servitor
  1048 | D:2      | Became a worshipper of Yredelemnul the Dark
  1126 | D:2      | Reached skill level 3 in Transmutations
  1289 | D:2      | Reached XP level 3. HP: 22/26 MP: 2/6
  1307 | D:2      | Found a basalt altar of Yredelemnul.
  2628 | D:2      | Slain by a gnoll

Levels and vault maps discovered:
D:1:      sevenhm_arrival_forest_fort_large_4, layout_basic
D:2:      layout_basic, grunt_temple_overflow_holy_war, minmay_hexomino_r4

Skill      XL: |  1  2 |
---------------+-------+-----
Transmutations | 2 3 |  3.9
Fighting       | |  1.0
Dodging        | |  1.7
Unarmed Combat | |  2.6
Spellcasting   | |  2.0

Action                   || total
-------------------------++-------
Melee: Unarmed           ||   117
       Kick              ||     6
       Punch             ||     1
       Headbutt          ||     5
Throw: Stone             ||     5
       Boomerang         ||     9
       Javelin           ||     3
 Cast: Beastly Appendage ||    22
       Sticks to Snakes  ||     1
 Stab: Sleeping          ||     1
  Eat: Chunk             ||     4
Armor: Robe              ||    14
Dodge: Dodged            ||    76

Table legend:
 A = Non-vault XP
 B = Vault XP
 C = Vault XP percentage of total XP
 D = Non-vault monster count
 E = Vault monster count
 F = Vault count percentage of total count
                 A         B        C        D         E       F
            +---------+---------+-------+---------+---------+-------
      Total |      70 |      21 |  23.1 |      22 |       5 |  18.5
            +---------+---------+-------+---------+---------+-------
        D:1 |      18 |       0 |   0.0 |       9 |       0 |   0.0
        D:2 |      52 |      21 |  28.8 |      13 |       5 |  27.8
            +---------+---------+-------+---------+---------+-------
